3AA
VIRGINIA BEACH DEUCES @ LONG ISLAND SEAWOLVES
09/15/2027
 
TOP OF THE 1ST
Virginia Beach Deuces batting - Pitching for Long Island Seawolves : RHP Christian Irgoyen
Pitching: RHP Christian Irgoyen
Batting: RHB Rodney Dudley 0-0: Ball
1-0: Swinging Strike
1-1: Ball
2-1: Ball
3-1: Fly out, F8 (Flyball, 8RD)
Batting: RHB Robert Emmet Odlum 0-0: Foul Ball, location: 2F
0-1: Ball
1-1: Ball
2-1: Ground out 5-3 (Groundball, 56)
Batting: LHB Jeff Simpson 0-0: Swinging Strike
0-1: Fly out, F8 (Line Drive, 8RD)
Top of the 1st over - 0 run(s), 0 hit(s), 0 error(s), 0 left on base; Virginia Beach 0 - Long Island 0
BOTTOM OF THE 1ST
Long Island Seawolves batting - Pitching for Virginia Beach Deuces : LHP Miguel López
Pitching: LHP Miguel López
Batting: SHB Josh Sanders 0-0: Called Strike
0-1: Ball
1-1: Ball
2-1: SINGLE (Line Drive, 8RS)
Batting: LHB Pedro Colón 0-0: Called Strike
Josh Sanders steals 2nd base
0-1: Called Strike
0-2: Fly out, F7 (Line Drive, 7)
Batting: RHB Max Berman 0-0: Ball
1-0: Called Strike
1-1: SINGLE (Flyball, 4MD)
Josh Sanders to third
Runner from 3rd tries for Home, SAFE, no throw
Batting: RHB Rob McGinnity 0-0: Fly out, F9 (Flyball, 9LMF)
Batting: RHB Abad Lugo 0-0: Ball
1-0: Ball
2-0: SINGLE (Groundball, 56D)
Max Berman to second
Batting: LHB Govaart Pleijt 0-0: Ball
1-0: Swinging Strike
1-1: Swinging Strike
1-2: Strikes out swinging
Bottom of the 1st over - 1 run(s), 3 hit(s), 0 error(s), 2 left on base; Virginia Beach 0 - Long Island 1
TOP OF THE 2ND
Virginia Beach Deuces batting - Pitching for Long Island Seawolves : RHP Christian Irgoyen
Batting: LHB Atílio Mansilhas 0-0: Ball
1-0: Ground out 2-3 (Groundball, 2L)
Batting: SHB Carlos Pérez 0-0: Ball
1-0: Called Strike
1-1: Ball
2-1: Foul Ball, location: 2F
2-2: Reached on error, E4 (Groundball, 4)
Batting: RHB Reg Spiers 0-0: Ball
1-0: Called Strike
1-1: Ball
2-1: Swinging Strike
2-2: Strikes out swinging
Batting: SHB Gabriel Pittman 0-0: Swinging Strike
0-1: Ball
1-1: Called Strike
1-2: Strikes out swinging
Top of the 2nd over - 0 run(s), 0 hit(s), 1 error(s), 1 left on base; Virginia Beach 0 - Long Island 1
BOTTOM OF THE 2ND
Long Island Seawolves batting - Pitching for Virginia Beach Deuces : LHP Miguel López
Batting: RHB Armando Rey 0-0: Called Strike
0-1: SINGLE (Groundball, 4MD)
Batting: RHB Andrés Aguilar 0-0: Ball
1-0: Foul Ball, location: 2F
1-1: Called Strike
1-2: Foul Ball, location: 2F
1-2: Strikes out swinging
Batting: RHB José Orihvela 0-0: Called Strike
0-1: Called Strike
0-2: Foul Ball, location: 2F
0-2: Foul Ball, location: 2F
0-2: Foul Ball, location: 2F
0-2: SINGLE (Line Drive, 78S)
Armando Rey to second
Armando Rey to third
Batting: SHB Josh Sanders 0-0: Called Strike
0-1: Ball
1-1: Ball
José Orihvela is caught stealing 2nd base
2-1: Ball
3-1: Ground out 5-3 (Groundball, 56S)
Bottom of the 2nd over - 0 run(s), 2 hit(s), 0 error(s), 1 left on base; Virginia Beach 0 - Long Island 1
TOP OF THE 3RD
Virginia Beach Deuces batting - Pitching for Long Island Seawolves : RHP Christian Irgoyen
Batting: RHB Dennis Dudash 0-0: Ball
1-0: Swinging Strike
1-1: Foul Ball, location: 2F
1-2: Fly out, F8 (Flyball, 8RM)
Batting: RHB Raleigh Delaney 0-0: Ball
1-0: Fly out, F7 (Flyball, 78M)
Batting: RHB Rodney Dudley 0-0: Swinging Strike
0-1: Called Strike
0-2: Strikes out swinging
Top of the 3rd over - 0 run(s), 0 hit(s), 0 error(s), 0 left on base; Virginia Beach 0 - Long Island 1
BOTTOM OF THE 3RD
Long Island Seawolves batting - Pitching for Virginia Beach Deuces : LHP Miguel López
Batting: LHB Pedro Colón 0-0: Ball
1-0: Called Strike
1-1: Foul Ball, location: 2F
1-2: Ball
2-2: Foul Ball, location: 2F
2-2: Fly out, F3 (Popup, 3S)
Batting: RHB Max Berman 0-0: Fly out, F9 (Flyball, 9)
Batting: RHB Rob McGinnity 0-0: Ball
1-0: Reached on error, E4 (Popup, 4D)
Batting: RHB Abad Lugo 0-0: Fielders Choice at 2nd, 6-4 (Groundball, 6)
Bottom of the 3rd over - 0 run(s), 0 hit(s), 1 error(s), 0 left on base; Virginia Beach 0 - Long Island 1
TOP OF THE 4TH
Virginia Beach Deuces batting - Pitching for Long Island Seawolves : RHP Christian Irgoyen
Batting: RHB Robert Emmet Odlum 0-0: Ball
1-0: Ball
2-0: DOUBLE (Line Drive, 89M)
Batting: LHB Jeff Simpson 0-0: Foul Ball, location: 2F
0-1: Ball
1-1: SINGLE (Groundball, 6S) (infield hit)
Robert Emmet Odlum to third
Batting: LHB Atílio Mansilhas 0-0: Ball
Jeff Simpson is caught stealing 2nd base
1-0: Fly out, F2 (Popup, 25)
Batting: SHB Carlos Pérez 0-0: Ball
1-0: SINGLE (Groundball, 34D)
Robert Emmet Odlum scores
Batting: RHB Reg Spiers 0-0: Foul Ball, location: 2F
0-1: Foul Ball, location: 2F
0-2: Foul Ball, location: 2F
0-2: Fielders Choice at 2nd, 6-4 (Groundball, 6)
Top of the 4th over - 1 run(s), 3 hit(s), 0 error(s), 0 left on base; Virginia Beach 1 - Long Island 1
BOTTOM OF THE 4TH
Long Island Seawolves batting - Pitching for Virginia Beach Deuces : LHP Miguel López
Batting: LHB Govaart Pleijt 0-0: SINGLE (Line Drive, 4MD)
Batting: RHB Armando Rey 0-0: Ball
1-0: Swinging Strike
1-1: Ball
2-1: Foul Ball, location: 2F
2-2: Strikes out looking
Batting: RHB Andrés Aguilar 0-0: Ball
1-0: Ball
2-0: Ball
3-0: Base on Balls
Govaart Pleijt to second
Batting: RHB José Orihvela 0-0: Fly out, F7 (Line Drive, 7)
Batting: SHB Josh Sanders 0-0: Called Strike
0-1: Ball
1-1: Called Strike
1-2: Foul Ball, location: 2F
1-2: Ball
2-2: Ball
3-2: SINGLE (Flyball, 89S)
Govaart Pleijt to third
Andrés Aguilar to second
Govaart Pleijt scores
Andrés Aguilar to third
Batting: LHB Pedro Colón 0-0: Called Strike
Josh Sanders steals 2nd base
0-1: Foul Ball, location: 2F
0-2: Ball
1-2: Ball
2-2: Foul Ball, location: 2F
2-2: Ball
3-2: Base on Balls
Batting: RHB Max Berman 0-0: Called Strike
0-1: Foul Ball, location: 2F
0-2: Fielders Choice at 2nd, 6-4 (Groundball, 6)
Bottom of the 4th over - 1 run(s), 2 hit(s), 0 error(s), 2 left on base; Virginia Beach 1 - Long Island 2
TOP OF THE 5TH
Virginia Beach Deuces batting - Pitching for Long Island Seawolves : RHP Christian Irgoyen
Batting: SHB Gabriel Pittman 0-0: Ground out 4-3 (Groundball, 4M)
Batting: RHB Dennis Dudash 0-0: Ball
1-0: Fly out, F8 (Flyball, 8RM)
Batting: RHB Raleigh Delaney 0-0: Ground out 6-3 (Groundball, 6)
Top of the 5th over - 0 run(s), 0 hit(s), 0 error(s), 0 left on base; Virginia Beach 1 - Long Island 2
BOTTOM OF THE 5TH
Long Island Seawolves batting - Pitching for Virginia Beach Deuces : LHP Miguel López
Batting: RHB Rob McGinnity 0-0: SOLO HOME RUN (Flyball, 7D), Distance : 353 ft
Batting: RHB Abad Lugo 0-0: Foul Ball, location: 2F
0-1: Foul Ball, location: 2F
0-2: Fly out, F4 (Popup, 34D)
Batting: LHB Govaart Pleijt 0-0: Ball
1-0: Foul Ball, location: 2F
1-1: Called Strike
1-2: Ball
2-2: Ball
3-2: Strikes out swinging
Batting: RHB Armando Rey 0-0: Ball
1-0: Called Strike
1-1: Ball
2-1: Ball
3-1: Foul Ball, location: 2F
3-2: Base on Balls
Batting: RHB Andrés Aguilar 0-0: Fly out, F7 (Line Drive, 7)
Bottom of the 5th over - 1 run(s), 1 hit(s), 0 error(s), 1 left on base; Virginia Beach 1 - Long Island 3
TOP OF THE 6TH
Virginia Beach Deuces batting - Pitching for Long Island Seawolves : RHP Christian Irgoyen
Batting: RHB Rodney Dudley 0-0: Foul Ball, location: 2F
0-1: Ball
1-1: SINGLE (Flyball, 9LS)
Batting: RHB Robert Emmet Odlum 0-0: Ball
Rodney Dudley steals 2nd base
1-0: Bunted foul
1-1: Bunted foul
1-2: Foul Ball, location: 2F
1-2: Ball
2-2: Ball
3-2: Base on Balls
Pitching: RHP Cristóbal Rodríguez
Batting: LHB Jeff Simpson 0-0: Fly out, F2 (Popup, 13S)
Batting: LHB Atílio Mansilhas 0-0: Called Strike
0-1: Foul Ball, location: 2F
0-2: Foul Ball, location: 2F
0-2: Foul Ball, location: 2F
0-2: Ball
1-2: Foul Ball, location: 2F
1-2: Ball
2-2: Strikes out swinging
Batting: SHB Carlos Pérez 0-0: Ball
1-0: Foul Ball, location: 2F
1-1: Fly out, F8 (Flyball, 8LS)
Top of the 6th over - 0 run(s), 1 hit(s), 0 error(s), 2 left on base; Virginia Beach 1 - Long Island 3
BOTTOM OF THE 6TH
Long Island Seawolves batting - Pitching for Virginia Beach Deuces : LHP Miguel López
Batting: RHB José Orihvela 0-0: Ball
1-0: Foul Ball, location: 2F
1-1: Called Strike
1-2: Foul Ball, location: 2F
1-2: Ground out 5-3 (Groundball, 5S)
Batting: SHB Josh Sanders 0-0: Ball
1-0: Called Strike
1-1: Called Strike
1-2: Foul Ball, location: 2F
1-2: Foul Ball, location: 2F
1-2: Foul Ball, location: 2F
1-2: Ball
2-2: Ball
3-2: Strikes out swinging
Batting: LHB Pedro Colón 0-0: Fly out, F1 (Line Drive, 15)
Bottom of the 6th over - 0 run(s), 0 hit(s), 0 error(s), 0 left on base; Virginia Beach 1 - Long Island 3
TOP OF THE 7TH
Virginia Beach Deuces batting - Pitching for Long Island Seawolves : RHP Cristóbal Rodríguez
Batting: RHB Reg Spiers 0-0: Called Strike
0-1: SINGLE (Line Drive, 9S)
Batting: SHB Gabriel Pittman 0-0: Ball
1-0: Ball
2-0: Bunted foul
2-1: Bunted foul
2-2: Fly out, F4 (Line Drive, 4)
Batting: RHB Dennis Dudash 0-0: Fly out, F9 (Flyball, 9LM)
Batting: RHB Raleigh Delaney 0-0: Fielders Choice at 2nd, 5-4 (Groundball, 56)
Top of the 7th over - 0 run(s), 1 hit(s), 0 error(s), 0 left on base; Virginia Beach 1 - Long Island 3
BOTTOM OF THE 7TH
Long Island Seawolves batting - Pitching for Virginia Beach Deuces : LHP Miguel López
Pitching: RHP Jorge Ballesteros
Batting: RHB Max Berman 0-0: Called Strike
0-1: Foul Ball, location: 2F
0-2: Strikes out swinging
Batting: RHB Rob McGinnity 0-0: Ball
1-0: Called Strike
1-1: Ball
2-1: Called Strike
2-2: Strikes out looking
Batting: RHB Abad Lugo 0-0: Ball
1-0: Ground out 6-3 (Groundball, 6)
Bottom of the 7th over - 0 run(s), 0 hit(s), 0 error(s), 0 left on base; Virginia Beach 1 - Long Island 3
TOP OF THE 8TH
Virginia Beach Deuces batting - Pitching for Long Island Seawolves : RHP Cristóbal Rodríguez
Batting: RHB Rodney Dudley 0-0: Ball
1-0: Called Strike
1-1: Ball
2-1: Foul Ball, location: 2F
2-2: Fly out, F9 (Flyball, 9)
Batting: RHB Robert Emmet Odlum 0-0: Ground out 6-3 (Groundball, 6S)
Batting: LHB Jeff Simpson 0-0: Swinging Strike
0-1: DOUBLE (Flyball, 8LM)
Pitching: LHP Powell Beauregard
Batting: LHB Atílio Mansilhas 0-0: Ball
1-0: Fly out, F9 (Flyball, 9)
Top of the 8th over - 0 run(s), 1 hit(s), 0 error(s), 1 left on base; Virginia Beach 1 - Long Island 3
BOTTOM OF THE 8TH
Long Island Seawolves batting - Pitching for Virginia Beach Deuces : RHP Jorge Ballesteros
Batting: LHB Govaart Pleijt 0-0: Ball
1-0: Called Strike
1-1: Called Strike
1-2: Ball
2-2: Reached on error, E4 (Groundball, 4)
Batting: RHB Armando Rey 0-0: Ball
Govaart Pleijt is caught stealing 2nd base
1-0: Foul Ball, location: 2F
1-1: Ball
2-1: Ball
3-1: Called Strike
3-2: Base on Balls
Batting: RHB Andrés Aguilar 0-0: Called Strike
Throwing error on steal attempt, E2
Armando Rey to third
0-1: Ball
1-1: Called Strike
1-2: Ball
2-2: Strikes out swinging
Batting: RHB José Orihvela 0-0: Ball
1-0: Swinging Strike
1-1: Fly out, F9 (Flyball, 89D)
Bottom of the 8th over - 0 run(s), 0 hit(s), 2 error(s), 1 left on base; Virginia Beach 1 - Long Island 3
TOP OF THE 9TH
Virginia Beach Deuces batting - Pitching for Long Island Seawolves : LHP Powell Beauregard
Pitching: RHP Vinny Mariani
Batting: SHB Carlos Pérez 0-0: Ground out 3-1 (Groundball, 34)
Batting: RHB Reg Spiers 0-0: Called Strike
0-1: Ball
1-1: DOUBLE (Groundball, 5L)
Pinch Hitting: RHB Zander Bailey 0-0: Ball
1-0: Ball
2-0: Ball
3-0: Base on Balls
Pinch Hitting: LHB Ramón Castro 0-0: Swinging Strike
0-1: Swinging Strike
0-2: Strikes out looking
Pinch Hitting: LHB Salvadaro Meireles 0-0: Ball
1-0: Called Strike
1-1: Swinging Strike
1-2: SINGLE (Line Drive, 56D)
Reg Spiers to third
Zander Bailey to second
Runner from 3rd tries for Home, SAFE, no throw
Pinch Hitting: LHB Kendrick Sullivan 0-0: Called Strike
0-1: Foul Ball, location: 2F
0-2: Ball
1-2: Ball
2-2: Ball
3-2: Ground out U3 (Groundball, 3S)
Top of the 9th over - 1 run(s), 2 hit(s), 0 error(s), 2 left on base; Virginia Beach 2 - Long Island 3
Saturday, May 26th, 2018 - OOTP Baseball 17.12 Build 75